Cogmind - Beta 13 @@@ ROGUE MODE // 2024.04.13 @ 21:42:52 Player: SovietPaperclip Result: Self-destructed Performance ------------- Evolutions (4) 2000 Regions Visited (6) 1200 Robots Destroyed (108) 540 Value Destroyed (3117) 3117 Prototype IDs (10) 200 Alien Tech Used (0) 0 Bonus (518) 518 TOTAL SCORE: 7575 Bonus ------- High Alert Combat Kills 22 Follower Combat Kills 532 Friendly Fire -36 Cogmind --------- Core Integrity 668/850 Matter 300/300 Energy 337/337 System Corruption 4% Temperature Cool (0) Movement Treading (188) Ox1 Location -6/Factory Parts ------- > --- POWER (2) -------- Cld. Angular-Ion Engine > --- PROPULSION (4) --- Treaded Gravmag-Carbon Exoskeleton > --- UTILITY (6) ------ Armored Scrap Engine Cooling System Huge Storage Unit Hardened Medium Armor Plating Hacking Suite > --- WEAPON (3) ------- Laser Plasma Construct/C Thermal Plasma Construct/C > --- INVENTORY (25) --- Power Amplifier High-capacity Matter Pod (200) Structural Scanner Advanced Sensor Array Advanced Signal Interpreter Improved Terrain Scanner Improved Propulsion Shielding Hardened Medium Armor Plating Hardened Medium Armor Plating Hardened Medium Armor Plating Hardened Medium Armor Plating Hardened Medium Armor Plating Improved Heavy Armor Plating Improved Heavy Armor Plating Improved Hardlight Generator Force Field System Shield System Shield Authchip [Storage] Authchip [Processor] High-powered Tractor Beam Enhanced Autogun Remote Datajack Peak State ------------ > --- POWER ------------ Cld. Angular-Ion Engine > --- PROPULSION ------- Advanced Treads Advanced Treads Treaded Gravmag-Carbon Exoskeleton > --- UTILITY ---------- Armored Scrap Engine Huge Storage Unit Hardened Medium Armor Plating Hardened Medium Armor Plating Hacking Suite > --- WEAPON ----------- Enhanced Autogun Enhanced Autogun Advanced EMP Blaster > --- INVENTORY -------- Advanced Treads Power Amplifier Cooling System High-capacity Matter Pod Structural Scanner Advanced Sensor Array Improved Signal Interpreter Advanced Signal Interpreter Improved Terrain Scanner Hardened Medium Armor Plating Hardened Medium Armor Plating Hardened Medium Armor Plating Hardened Medium Armor Plating Improved Heavy Armor Plating Improved Heavy Armor Plating Hardlight Generator Force Field System Shield System Shield Authchip [Storage] Authchip [Processor] High-powered Tractor Beam Katana [Rating: 64] Favorites ----------- Power Cooled Ion Engine Engine Cooled Ion Engine Propulsion Advanced Treads Treads Advanced Treads Wheel Wheel Utility Huge Storage Unit Device Armored Scrap Engine Storage Huge Storage Unit Hackware Hacking Suite Protection Hardened Medium Armor Plating Weapon Enhanced Autogun Energy Gun EM Pulse Gun Energy Cannon Constructs Ballistic Gun Enhanced Autogun Ballistic Cannon Constructs Launcher Advanced EMP Blaster Build | -11 -10 -9 -8 -8 -8 -6 ------- Run | Yrd Mat Mat Mat Sto Rec Fac Slots Evolved 8 | . . 2 2 . . 4 Power 1 | . . . . . . 1 Propulsion 2 | . . 1 1 . . . Utility 4 | . . 1 1 . . 2 Weapon 1 | . . . . . . 1 Parts Attached 55 | 6 1 8 9 22 4 5 Power 6 | 1 . 1 . 4 . . Engine 6 | 1 . 1 . 4 . . Core . | . . . . . . . Reactor . | . . . . . . . Propulsion 17 | 2 . 3 2 7 3 . Treads 14 | 2 . 2 . 7 3 . Leg . | . . . . . . . Wheel 3 | . . 1 2 . . . Hover . | . . . . . . . Flight . | . . . . . . . Utility 18 | 1 1 2 5 4 1 4 Device 3 | . . . . . 1 2 Storage 3 | 1 1 . 1 . . . Processor . | . . . . . . . Hackware 1 | . . . . 1 . . Protection 11 | . . 2 4 3 . 2 Artifact . | . . . . . . . Weapon 14 | 2 . 2 2 7 . 1 Energy Gun 1 | 1 . . . . . . Energy Cannon 1 | . . . . 1 . . Ballistic Gun 10 | 1 . 2 2 5 . . Ballistic Cannon . | . . . . . . . Launcher 2 | . . . . 1 . 1 Special Weapon . | . . . . . . . Impact Weapon . | . . . . . . . Slashing Weapon . | . . . . . . . Piercing Weapon . | . . . . . . . Special Melee Weapon . | . . . . . . . Unidentified Prototypes 6 | . . 2 . 4 . . Parts Lost 11 | . . 1 8 2 . . Power 1 | . . . . 1 . . Propulsion 4 | . . 1 3 . . . Utility 3 | . . . 3 . . . Weapon 3 | . . . 2 1 . . Highest Loss Streak 4 | . . 1 4 2 . . To Critical Strikes . | . . . . . . . Average Slot Usage (%) 82 | . 85 92 71 97 80 68 Engine 8 | . 14 11 9 8 8 6 Treads 21 | . 28 27 6 32 26 10 Wheel 2 | . . 4 12 1 . . Device 3 | . . . . . 8 7 Storage 8 | . 14 11 9 9 9 6 Hackware 4 | . . . . 6 9 6 Protection 12 | . . 16 16 20 . 11 Energy Gun 1 | . 14 2 . . . . Ballistic Gun 15 | . 14 19 18 17 18 7 Naked Turns . | . . . . . . . Heaviest Build 121 | 13 88 104 112 112 96 121 Greatest Support 88 | 40 40 60 60 88 88 87 Greatest Overweight (x) 10 | . 2 10 9 4 4 5 Average Overweight (x) 2 | . 1 5 3 1 1 1 Largest Inventory Capacity 25 | 8 25 25 25 25 25 25 Average Capacity 24 | 7 18 25 25 25 25 25 Most Carried 25 | 4 2 17 17 25 25 25 Average Carried 17 | 1 1 9 14 22 20 23 Final Capacity 25 | 8 25 25 25 25 25 25 Final Carried 25 | 1 1 16 17 25 19 25 Scrap Engine Consumption 51 | . . . . . 13 38 Constructs Created 4 | . . . . . 2 2 Constructs Modified 10 | . . . . . . 10 Class Distribution -------------------- 37% | Mutant 28% | Commander-Mutant 13% | Scavenger-Mutant 12% | Construct 7% | Tank Dominant Class ---------------- Mutant | -10/Materials Scavenger-Mutant | -9/Materials Mutant | -8/Materials Mutant | -8/Storage Commander-Mutant | -8/Recycling Construct | -6/Factory Resources | -11 -10 -9 -8 -8 -8 -6 ----------- Run | Yrd Mat Mat Mat Sto Rec Fac Matter Collected 2907 | 222 36 742 441 773 48 645 Remotely . | . . . . . . . Salvage Created 4630 | . 51 1164 694 1228 . 1493 Parts 252 | . 2 66 46 62 . 76 Haulers Intercepted 13 | . . 5 1 5 . 2 Recyclers Shooed 11 | . . 4 3 1 . 3 Parts Field Recycled . | . . . . . . . Retrieved Matter . | . . . . . . . Parts Self-Destructed . | . . . . . . . Prevented . | . . . . . . . Kills | -11 -10 -9 -8 -8 -8 -6 ------- Run | Yrd Mat Mat Mat Sto Rec Fac Combat Hostiles Destroyed 68 | . 3 13 9 21 . 22 Guns 55 | . 3 13 9 21 . 9 Cannons 6 | . . . . . . 6 AOE 5 | . . . . . . 5 Classes Destroyed 14 | . 1 8 3 1 . 1 Worker 7 | . . 2 1 2 . 2 Builder 9 | . . . 2 1 . 6 Tunneler 1 | . . . 1 . . . Hauler 13 | . . 5 1 5 . 2 Recycler 5 | . . 4 1 . . . Operator 2 | . . 1 1 . . . Watcher 3 | . . 1 1 . . 1 Swarmer 12 | . 3 . . 6 . 3 Grunt 33 | . . 9 5 7 . 12 Brawler 2 | . . . . 2 . . Duelist 2 | . . 2 . . . . Sentry 11 | . . 2 2 6 . 1 Hunter 5 | . . . 2 . . 3 Programmer 3 | . . . . . . 3 Best Kill Streak 9 | . 3 5 4 9 . 8 Combat Bots Only 9 | . 3 4 4 9 . 4 Max Kills in Single Turn 2 | . 1 1 2 2 . 2 Gunslinging 1 | . . . . 1 . 1 Exploded 1 | . . . . . . 1 Melee . | . . . . . . . Uniques/NPCs Destroyed . | . . . . . . . Combat | -11 -10 -9 -8 -8 -8 -6 -------- Run | Yrd Mat Mat Mat Sto Rec Fac Hostile Shots Fired 419 | . 8 73 96 98 2 142 Missed 125 | . 5 22 28 26 1 43 Damage Taken 4374 | . 21 721 991 988 14 1639 Core 372 | . . 34 61 95 . 182 Absorbed by Shields . | . . . . . . . Regen/Repaired (Parts) 372 | . . . . . . 372 Core Remaining (%) 90 | 100 100 91 . . 71 . Volleys Fired 287 | . 5 76 54 78 1 73 Largest 3 | . 2 2 2 2 2 3 Hottest 128 | . 60 60 51 51 50 128 Shots Fired 600 | . 10 152 107 155 2 174 Gun 515 | . 10 152 107 155 2 89 Cannon 69 | . . . . . . 69 Launcher 16 | . . . . . . 16 Special . | . . . . . . . Kinetic 492 | . 5 134 107 155 2 89 Thermal 69 | . . . . . . 69 Explosive . | . . . . . . . Electromagnetic 39 | . 5 18 . . . 16 Robot Hit Streak 26 | . 5 16 18 26 6 10 Robot Miss Streak 7 | . 3 4 3 3 1 7 Penetration Max 1 | . . . 1 1 . . Secondary Targets 4 | . . . 1 1 . 2 Max Gunslinging Chain 1 | . . . 1 1 . 1 Shots Hit Robots 399 | . 6 108 81 106 1 97 Core Hits 182 | . 4 41 33 46 . 58 Critical Kills . | . . . . . . . Critical Parts Destroyed 3 | . . . 1 1 . 1 Critical Strikes 3 | . . . 1 1 . 1 Destroy 3 | . . . 1 1 . 1 Melee Attacks . | . . . . . . . Impact . | . . . . . . . Slashing . | . . . . . . . Piercing . | . . . . . . . Sneak Attacks . | . . . . . . . Combat Hostiles . | . . . . . . . Follow-up Attacks . | . . . . . . . Damage Inflicted 8647 | . 54 1514 1288 1983 14 3794 Guns 5844 | . 54 1514 1288 1979 14 995 Cannons 1647 | . . . . . . 1647 Explosions 1126 | . . . . . . 1126 Melee . | . . . . . . . Ramming 30 | . . . . 4 . 26 Kinetic 5689 | . 32 1381 1288 1979 14 995 Thermal 1768 | . . . . . . 1768 Explosive . | . . . . . . . Electromagnetic 1160 | . 22 133 . . . 1005 Impact . | . . . . . . . Slashing . | . . . . . . . Piercing . | . . . . . . . Highest Corruption 4 | . . . . . . 4 Average Corruption 3 | . . . . . . 3 Corruption Purged . | . . . . . . . Corruption Blocked . | . . . . . . . Effects 13 | . . . . . . 13 Message Errors 3 | . . . . . . 3 Matter Fused 3 | . . . . . . 3 Heat Flow Errors 3 | . . . . . . 3 Energy Discharges 1 | . . . . . . 1 Data Loss (minor) 2 | . . . . . . 2 Misfires 1 | . . . . . . 1 Overload Shots . | . . . . . . . Overflow Damage 228 | . . . . . . 228 Projectiles 202 | . . . . . . 202 Explosions 20 | . . . . . . 20 Melee 6 | . . . . . . 6 Knockbacks . | . . . . . . . Impact . | . . . . . . . Kinetic . | . . . . . . . Secondary . | . . . . . . . Self-Inflicted Damage 21 | . . . . . . 21 Shots 1 | . . . . . . 1 Rammed 2 | . . . . 1 . 1 Targets Rammed 2 | . . . . 1 . 1 Kicked . | . . . . . . . Crushed . | . . . . . . . Highest Temperature 460 | . 20 28 36 130 . 460 Average Temperature 58 | . 15 8 10 34 . 108 Received Heat Transfer 1350 | . . 243 360 396 9 342 Effects 7 | . . . . . . 7 Energy Bleed 1 | . . . . . . 1 Interference 6 | . . . . . . 6 Siege Activations . | . . . . . . . Robots Corrupted 1 | . . . . . . 1 Combat Hostiles 1 | . . . . . . 1 Parts Fried 4 | . . . . . . 4 Impact Corruptions 1 | . . . . . . 1 Robots Melted 1 | . . . . . . 1 Combat Hostiles 1 | . . . . . . 1 Parts Melted 1 | . . . . . . 1 Heat Transferred 2372 | . . . . . . 2372 Parts Sabotaged . | . . . . . . . Parts Stolen . | . . . . . . . Parts Stripped . | . . . . . . . Power Chain Reactions 2 | . . . . . . 2 Alert | -11 -10 -9 -8 -8 -8 -6 ------- Run | Yrd Mat Mat Mat Sto Rec Fac Peak Influence 660 | . 77 283 209 660 257 405 Initial 257 | . . 32 26 42 257 62 Average 160 | . 63 98 84 303 49 220 Maximum Alert Level 2 | . . 1 1 2 1 2 Low Security (%) 67 | 100 100 88 87 39 91 41 Level 1 26 | . . 11 12 31 8 58 Level 2 6 | . . . . 29 . . Level 3 . | . . . . . . . Level 4 . | . . . . . . . Level 5 . | . . . . . . . High Security . | . . . . . . . Max Security . | . . . . . . . Squads Dispatched 19 | . . 2 1 7 . 9 Investigation 2 | . . 1 . 1 . . Extermination 2 | . . . . . . 2 Reinforcement 9 | . . 1 1 1 . 6 Assault 2 | . . . . 2 . . Garrison 4 | . . . . 3 . 1 Intercept . | . . . . . . . Searches Triggered . | . . . . . . . Construction Impeded 2 | . . . . . . 2 Haulers Reinforced 2 | . . . . . . 2 Active Scanning Responses . | . . . . . . . Cargo Convoy Interrupts . | . . . . . . . Stealth | -11 -10 -9 -8 -8 -8 -6 --------- Run | Yrd Mat Mat Mat Sto Rec Fac Distress Signals 7 | . . 2 2 3 . . Communications Jammed . | . . . . . . . Distress Signals . | . . . . . . . Times Spotted 127 | . 4 30 15 43 2 33 Peak Tracking Total 6 | . 3 6 5 6 1 4 Tactical Retreats 7 | . . 3 1 2 . 1 Traps | -11 -10 -9 -8 -8 -8 -6 ------- Run | Yrd Mat Mat Mat Sto Rec Fac Traps Triggered 1 | . . 1 . . . . Indirectly . | . . . . . . . Trap Hack Attempts . | . . . . . . . Triggered . | . . . . . . . Disarmed . | . . . . . . . Reprogrammed . | . . . . . . . Reused . | . . . . . . . Traps Extracted . | . . . . . . . Installed . | . . . . . . . Triggered . | . . . . . . . Machines | -11 -10 -9 -8 -8 -8 -6 ---------- Run | Yrd Mat Mat Mat Sto Rec Fac Machines Disabled 7 | . . . . 1 . 6 Max in Single Turn 1 | . . . . 1 . 1 Machines Repaired . | . . . . . . . Machines Dismantled . | . . . . . . . Machines Sabotaged . | . . . . . . . Overloaded Fab Kills . | . . . . . . . Hacking | -11 -10 -9 -8 -8 -8 -6 --------- Run | Yrd Mat Mat Mat Sto Rec Fac Machines Accessed 18 | . 1 2 3 9 3 . Terminals 17 | . 1 2 2 9 3 . Fabricators . | . . . . . . . Repair Stations . | . . . . . . . Recycling Units . | . . . . . . . Scanalyzers 1 | . . . 1 . . . Garrison Access . | . . . . . . . Total Hacks 40 | . 1 5 6 17 11 . Successful 20 | . 1 2 6 8 3 . Failed 20 | . . 3 . 9 8 . Catastrophic 2 | . . 1 . 1 . . Database Lockouts . | . . . . . . . Manual 5 | . . 2 1 2 . . Terminals 36 | . 1 5 2 17 11 . Fabricators . | . . . . . . . Repair Stations . | . . . . . . . Recycling Units . | . . . . . . . Scanalyzers 4 | . . . 4 . . . Garrison Access . | . . . . . . . Terminal Hacks 16 | . 1 2 2 8 3 . Open Door 6 | . . . . 6 . . Level Access Points 2 | . . . . 1 1 . Branch Access Points 3 | . 1 1 1 . . . Alert Level 1 | . . . 1 . . . Unreport Threat 3 | . . 1 . . 2 . Locate Traps 1 | . . . . 1 . . Fabricator Hacks . | . . . . . . . Repair Station Hacks . | . . . . . . . Recycling Unit Hacks . | . . . . . . . Scanalyzer 4 | . . . 4 . . . Insert Component 2 | . . . 2 . . . Analyze 2 | . . . 2 . . . Garrison Access Hacks . | . . . . . . . Unauthorized Hacks . | . . . . . . . Terminals . | . . . . . . . Fabricators . | . . . . . . . Repair Stations . | . . . . . . . Recycling Units . | . . . . . . . Scanalyzers . | . . . . . . . Garrison Access . | . . . . . . . Data Cores Recovered . | . . . . . . . Used . | . . . . . . . Hacking Detections 14 | . . 2 2 7 3 . Full Trace Events 2 | . . . . 1 1 . Feedback Events . | . . . . . . . Feedback Blocked . | . . . . . . . Robot Schematics Acquired . | . . . . . . . Robots Built . | . . . . . . . Authchips . | . . . . . . . Time . | . . . . . . . Total Robot Build Rating . | . . . . . . . Part Schematics Acquired 2 | . . . 2 . . . Parts Built . | . . . . . . . Authchips . | . . . . . . . Time . | . . . . . . . Total Part Build Rating . | . . . . . . . Parts Repaired . | . . . . . . . Time . | . . . . . . . Parts Recycled . | . . . . . . . Recycled Matter . | . . . . . . . Retrieved Matter . | . . . . . . . Retrieved Components . | . . . . . . . Parts Scanalyzed 2 | . . . 2 . . . Part Schematics Acquired 2 | . . . 2 . . . Parts Damaged . | . . . . . . . Bothacking | -11 -10 -9 -8 -8 -8 -6 ------------ Run | Yrd Mat Mat Mat Sto Rec Fac Used RIF Installer . | . . . . . . . Robots Hacked . | . . . . . . . Non-combat . | . . . . . . . Combat . | . . . . . . . Robot Hacks Applied . | . . . . . . . Relay Couplers Released . | . . . . . . . Fabnet Peak Effective % . | . . . . . . . Robots Rewired . | . . . . . . . Allies Hacked . | . . . . . . . Hacks Repelled . | . . . . . . . Allies | -11 -10 -9 -8 -8 -8 -6 -------- Run | Yrd Mat Mat Mat Sto Rec Fac Total Allies 12 | . . . . 12 . . Largest Group 10 | . . . . 10 9 8 Highest-Rated Group 173 | . . . . 173 144 128 Highest-Rated Ally 31 | . . . . 31 16 16 Total Orders 2 | . . . . . . 2 EXPLORE 2 | . . . . . . 2 Ally Attacks 124 | . . . . 51 22 51 Total Damage 1562 | . . . . 613 317 632 Kills 16 | . . . . 9 2 5 Allies Corrupted . | . . . . . . . Allies Melted . | . . . . . . . Intel | -11 -10 -9 -8 -8 -8 -6 ------- Run | Yrd Mat Mat Mat Sto Rec Fac Robot Analysis Total . | . . . . . . . Derelict Logs Recovered . | . . . . . . . Drone Launches 2 | . . . . . . 2 Drone Recoveries 1 | . . . . . . 1 Exploration | -11 -10 -9 -8 -8 -8 -6 ------------- Run | Yrd Mat Mat Mat Sto Rec Fac Turns Passed 6503 | 80 249 1198 773 1457 1198 1548 Spaces Moved 2424 | 53 97 384 336 497 459 598 Core 15 | 15 . . . . . . Treads 1760 | 38 97 196 53 450 459 467 Legs 94 | . . . . . . 94 Wheels 518 | . . 188 283 47 . . Hover 37 | . . . . . . 37 Flight . | . . . . . . . Fastest Speed 50 | 50 160 230 135 150 147 188 Average Speed 216 | 128 242 240 168 219 248 203 Slowest Speed 545 | 160 320 320 480 240 465 545 Overloaded Moves . | . . . . . . . Propulsion Burnouts . | . . . . . . . Robots Hopped . | . . . . . . . Cave-ins Triggered . | . . . . . . . Exploration Rate (%) 40 | 3 24 41 26 75 95 19 Regions Visited 6 Branch Regions 2 Pre-discovered Areas . | . . . . . . . Known Exits Taken 2 | . . . 1 . 1 . Unknown Exits Taken 4 | 1 1 1 . 1 . . Scrap Searched . | . . . . . . . Spaces Dug 2 | . . . . . . 2 Terrain Destroyed 27 | . . . . 1 . 26 Melee . | . . . . . . . Projectile 17 | . . . . 1 . 16 AOE 10 | . . . . . . 10 Terrain Rammed . | . . . . . . . Walls Destroyed . | . . . . . . . Machines Disabled . | . . . . . . . Actions | -11 -10 -9 -8 -8 -8 -6 --------- Run | Yrd Mat Mat Mat Sto Rec Fac Total 3187 | 65 104 511 438 729 520 820 Wait 269 | . . 15 23 68 43 120 Move 2418 | 52 96 383 335 496 458 598 Hop . | . . . . . . . Pick Up 96 | 7 1 24 13 38 2 11 Fast Attach . | . . . . . . . Attach 42 | 6 1 4 9 14 4 4 Detach 3 | . . . . . 1 2 Swap 13 | . . 4 . 8 . 1 Drop 57 | . 1 5 4 26 11 10 Fire 287 | . 5 76 54 78 1 73 Melee . | . . . . . . . Ram . | . . . . . . . Kick . | . . . . . . . Crush 2 | . . . . 1 . 1 Escape Stasis . | . . . . . . . Rewire . | . . . . . . . Trap . | . . . . . . . Miscellaneous . | . . . . . . . Route ------- -11/Scrapyard -10/Materials (discovered 2 exits: *Mat / Min) -9/Materials (discovered 2 exits: *Mat / *Min) -8/Materials (discovered 2 exits: *Sto x2) -8/Storage (discovered 2 exits: Fac / *Rec) -8/Recycling -6/Factory History --------- Turn | Location | Event 8 | -11/Scrapyard | Discovered new exit (range 15) 81 | -11/Scrapyard | Entered Materials 244 | -10/Materials | Identified exit to Mines 295 | -10/Materials | Discovered new exit (range 4) 305 | -10/Materials | Build established: Mutant 330 | -10/Materials | Entered another Materials area 330 | -9/Materials | Evolved 2 slots: Propulsion x1, Utility x1 775 | -9/Materials | Identified exit to Mines 1214 | -9/Materials | Build established: Scavenger-Mutant 1494 | -9/Materials | Discovered new exit (range 10) 1528 | -9/Materials | Entered another Materials area 1528 | -8/Materials | Evolved 2 slots: Propulsion x1, Utility x1 1586 | -8/Materials | Identified exit to Storage 1666 | -8/Materials | Lost 4 parts (1n2u1w) 1924 | -8/Materials | Build established: Mutant 2301 | -8/Materials | Entered Storage 2754 | -8/Storage | Met a pair of Derelict thieves 2894 | -8/Storage | Destroyed 9 combat bots 3169 | -8/Storage | Assisted by bots powering up and referring to "LRC-V3" 3341 | -8/Storage | Garrison activated, responded to threat 3475 | -8/Storage | Build established: Commander-Mutant 3489 | -8/Storage | Identified exit to Factory 3749 | -8/Storage | Used back door to open Recycling access 3749 | -8/Storage | Discovered new exit (range 5) 3758 | -8/Storage | Entered Recycling 3758 | -8/Recycling | Accompanied by 9 allies 3760 | -8/Recycling | Found Scrap Engine 4013 | -8/Recycling | Identified exit to Factory 4956 | -8/Recycling | Entered Factory 4956 | -6/Factory | Accompanied by 8 allies 4956 | -6/Factory | Evolved 4 slots: Power x1, Utility x2, Weapon x1 5070 | -6/Factory | Lost 6 allies 5418 | -6/Factory | Build established: Tank 6006 | -6/Factory | Build established: Construct 6452 | -6/Factory | Garrison activated, responded to threat 6504 | -6/Factory | Self-destructed Last Messages --------------- 06452_ ALERT: Activating Garrison Access F003. 06452_ Terminal disabled. 06457_ Critical hit (Burn: +37). 06461_ G-50 Soldier destroyed. 06464_ A-15 Conveyor calls for reinforcements. 06464_ ALERT: Hostile activity reported, dispatching reinforcements to area. 06469_ U-05 Engineer builds a Wall. 06476_ K-01 Serf cleans the Nuclear Reactor. 06477_ A-15 Conveyor heat damages Imp. Ion Engine, Lrg. Storage Unit, Med. Treads. 06481_ U-05 Engineer builds a Wall. 06482_ A-15 Conveyor heat damages Imp. Ion Engine. 06483_ K-01 Serf cleans the Nuclear Reactor. 06498_ A-15 Conveyor destroyed. 06501_ Acquired 34 matter. 06502_ R-10 Processor collects Prototype Energy Gun. Map ----- +----------------------------------------------------+ | #?????????????# #### # ?????? | | " #?????????????# + + """"?????????? | | " #?????????????# """ # #### """"?????????? | | " #?????????????# """ # #?????????????????? | | #?????????????# """ # #?????????????????? | | #?????????????# #%#?????????????????? | | #?????????????# #%#?????????????????? | | /// #?????????????# " " # #?????????????????? | | // #?????????????# "Y" #%#?????????????????? | | // #?????????????# """ # ####??????????????? | | ########?????????????######## #??????????????? | | #???????????????????????????# #??????????????? | | #? ????????????????????????# ##?????????????? | | # ?????????????????????#???# %##?????????????? | | # ???????????????????########+##+##?????????????? | | +????????????????????# #?????????????? | | #????????????????????# """ """ " #?????????????? | | #????????????????????# """ """ T" #?????????????? | | ####+#####????????##?# """ """ "" #?????????????? | | ???????? # #?????????????? | | !% ???????? # """ """ #?????????????? | | ??????????A """ """ #?????????????? | | % ??????????#k"""u""" #?????????????? | | %%"" """" ???????????# #?????????????? | | """" """" ???????????# ![] #?????????????? | | """" """" """????????# @%] #?????????????? | | ????????# ! [ #?????????????? | | ???????#####R########?????????????? | | ???????????# #????????????????????? | | ???????????# #????????????????????? | | ???????????# #????????????????????? | | ############?????????????# #????????????????????? | | #???????????????????????? ????????????????????? | | #????????????????????????# #????????????????????? | | # ?????????????????????? ?????????????????????? | | # ?????????????????????? ?????????????????????? | | # ?????????????????????? ?????????????????????? | | # "????????????????????? ?????????????????????? | | # "???""???????????????? ?????????????????????? | | # ?? ???????????????? ?????????????????????? | | # """ ""???????????????? ?????????????????????? | | # """ """?????????????????????????????????????? | | # """ """?????????????????????????????????????? | | # ???????????????????????????????????????? | | %# ???????????????#????????????????????????? | | # ???????????????? ????????????????????????? | | %###/################# ???????????????????????? | | % % =% ????????????????????????? | | % = ????????????????????????? | | ????????????????????????? | +----------------------------------------------------+ Best States ------------- Heat Dissipation 59 Energy Generation 16 Energy Capacity 337 Matter Stores 300 Matter Capacity 300 Sight Range 16 Terrain Scan Density 10 Armor Coverage 525 Evasion (%) 50 Recoil Reduction 4 Offensive Hacking 10 Authchip Count 2 Item Schematics ----------------- Huge Storage Unit | -8/Materials | Scanalyzed Cooling System | -8/Materials | Scanalyzed Robot Schematics ------------------ None Fabricated ------------ Nothing Alien Tech Used ----------------- None Achievements -------------- None Challenges ------------ None Game ------ Seed EncryptedCooledModule Manual? 0 Play Time 00:39:47 Cumulative 87.2 hours Start 2024.04.13 @ 20:40:51 End 2024.04.13 @ 21:42:52 Sessions 3 Manual Loads 0 Difficulty Rogue Special Mode None Game No. 104 Rogue 104 Adventurer 0 Explorer 0 Win Type - Total 1 Types 1/0/0/0/0/0/0/0/0 Lore% 42 Gallery% 47 Achievement% 44 Wizard Run 0 Options --------- Layout 1 ASCII 0 Keyboard 0 Movement Mouse Keybinds 0 Fullscreen 2 Font 32/Smallcaps Map View 50x40 Zoom Use 0% Tactical HUD 1 Map Filters NONE Filters NONE Steam 1 RUN: b9dfc130-2133-4ee8-8bf6-a2c247ab92f1